 Dungeon Crawl Stone Soup version 0.28-a0-998-gb9e9c7b67e (webtiles) character file.

Game seed: 2929696965651582430

17 ytrimaz the Insei (level 2, 0/18 HPs)
             Began as an Octopode Transmuter on Dec 5, 2021.
             Slain by a kobold (4 damage)
             ... on level 1 of the Dungeon.
             The game lasted 00:01:22 (593 turns).

ytrimaz the Insei (Octopode Transmuter)              Turns: 593, Time: 00:01:23

Health: 0/18       AC:  1    Str:  9    XL:     2   Next: 62%
Magic:  5/5        EV: 13    Int: 15    God:
Gold:   55         SH:  0    Dex: 12    Spells: 4/5 levels left

rFire   . . .      SeeInvis .     - Unarmed
rCold   . . .      Faith    .   (no shield)
rNeg    . . .      Spirit   .   (helmet restricted)
rPois   .          Reflect  .   (no amulet)
rElec   .          Harm     .   (no ring)
rCorr   .          Rampage  .   (no ring)
Will    .....                   (no ring)
Stlth   ++........              (no ring)
HPRegen 0.06/turn               (no ring)
MPRegen 0.09/turn               (no ring)
                                (no ring)
                                (no ring)

@: no status effects
A: almost no armour, amphibious, 8 rings, camouflage 1, gelatinous body 1,
(nimble swimmer 1), tentacles
a: no special abilities


You were on level 1 of the Dungeon.
You visited 1 branch of the dungeon, and saw 1 of its levels.

You collected 55 gold pieces.

Inventory:

Scrolls
 b - a scroll of teleportation {unknown}
 c - a scroll of enchant armour {unknown}
Potions
 a - 2 potions of curing {unknown}


   Skills:
 * Level 1.4 Fighting
 - Level 2.0 Dodging
 + Level 3.4 Unarmed Combat
 + Level 2.1 Spellcasting
 + Level 2.1 Transmutations


You had 4 spell levels left.
You knew the following spells:

 Your Spells              Type           Power      Damage    Failure   Level
a - Beastly Appendage     Tmut           16%        N/A       9%          1

Your spell library contained the following spells:

 Spells                   Type           Power      Damage    Failure   Level
 Wereblood                Tmut           8%         N/A       14%         2
 Spider Form              Tmut/Pois      4%         N/A       38%         3
 Ice Form                 Ice/Tmut       4%         N/A       80%         4


Dungeon Overview and Level Annotations

Branches:
Dungeon (1/15)

Altars:

Shops:
D:1 (


Innate Abilities, Weirdness & Mutations

You cannot wear most types of armour.
You are amphibious.
You can wear up to eight rings at the same time.
Your skin changes colour to match your surroundings (Stealth+).
Your rubbery body absorbs attacks. (AC +1, EV +1)
((You are camouflaged near water. (Stealth+)))
You have tentacles for arms and can constrict up to eight enemies at once.


Message History

There are monsters nearby!
You see here 13 gold pieces.
You now have 55 gold pieces (gained 13).
The kobold shouts! x2; You hear a shout!
You miscast Beastly Appendage.
You are very lightly contaminated with residual magic.
Nothing appears to happen.
The kobold hits you with a +0 dagger.
You closely miss the kobold. You grab the kobold. You squeeze the kobold.
You kill the kobold!
The kobold hits you with a +0 dagger.
A hobgoblin comes into view.
The kobold hits you with a +0 dagger.
Things that are here:
a +0 dagger; a stone The kobold throws a stone.
The stone hits you but does no damage.
Unknown command.
You tentacle-slap the hobgoblin but do no damage.
Your grab misses the hobgoblin. The hobgoblin hits you.
Your magical contamination has completely faded away.
You tentacle-slap the hobgoblin. Your grab misses the hobgoblin.
The hobgoblin is almost dead.
You completely miss the hobgoblin. Your grab misses the hobgoblin.
The hobgoblin is almost dead.
The hobgoblin hits you.
* * * LOW HITPOINT WARNING * * *
You are too injured to fight recklessly!
You tentacle-slap the hobgoblin.
You kill the hobgoblin!
The kobold hits you but does no damage.
You closely miss the kobold. You grab the kobold.
You constrict the kobold, but do no damage.
The kobold hits you with a +0 dagger.
* * * LOW HITPOINT WARNING * * *
You barely miss the kobold. Your squeeze misses the kobold.
You constrict the kobold. The kobold barely misses you.
You tentacle-slap the kobold.
The kobold is heavily wounded.
You constrict the kobold. The kobold hits you with a +0 dagger.
You die...

......# #..> ####..##
### #.... ........ ..#
##.## .###...# #.#
........ #.# .#.#.#.##
#.# .....#.##.# #.#
..#..#.##.#####.########
#.##...........K@.......
..#....####.##)#.#.#####
...............##....
#..)...........#.#.....
...........>....# .#####
..).............# #
.#.#............#
...............##
.#.#.#.........#


You could see a kobold.

Vanquished Creatures
  An endoplasm (D:1)
  2 hobgoblins (D:1)
  3 ball pythons (D:1)
  5 bats (D:1)
  A frilled lizard (D:1)
  A goblin (D:1)
  2 kobolds (D:1)
  3 rats (D:1)
18 creatures vanquished.

Notes
Turn   | Place    | Note
-------+----------+-------------------------------------------
     0 | D:1      | ytrimaz the Octopode Transmuter began the quest for the
                  | Orb.
     0 | D:1      | Reached XP level 1. HP: 13/13 MP: 3/3
   164 | D:1      | Reached XP level 2. HP: 11/18 MP: 3/5
   169 | D:1      | Found a faded altar of an unknown god.
   314 | D:1      | Found Jiosk's Weapon Boutique.
   593 | D:1      | Slain by a kobold

Illustrated notes

Levels and vault maps discovered:
D:1:      roderic_crossed_star, layout_loops_ring,
          hellmonk_ecumenical_altar_arch_garden, serial_shops, shop_fountains

Action                   || total
-------------------------++-------
Melee: Unarmed           ||    39
       Constrict         ||    18
       Kick              ||     5
       Tentacles         ||     6
 Cast: Beastly Appendage ||     7
 Stab: Sleeping          ||     1
Armor: Skin              ||    11
Dodge: Dodged            ||    43

Table legend: (Time is in decaauts)
 A = Elapsed time spent in this place.
 B = Non-inter-level travel time spent in this place.
 C = Inter-level travel time spent in this place.
 D = Time resting spent in this place.
 E = Time spent auto-exploring this place.
 F = Levels seen in this place.
 G = Mean time per level.
                   A        B        C        D        E       F      G
               +--------+--------+--------+--------+--------+-----+--------+
         Total |    590 |    588 |      2 |      0 |    449 |   1 |  590.0 |
       Dungeon |    590 |    588 |      2 |      0 |    449 |   1 |  590.0 |
               +--------+--------+--------+--------+--------+-----+--------+

Top non-repeatable levels by time:
     D:1: 590 daAuts
